[Event "Early-Titled-Tuesday-Blitz-February-06-2024"]
[Site "Chess.com"]
[Date "2024.02.06"]
[Round "8"]
[White "noblerone"]
[Black "Shivagami"]
[Result "1-0"]
[WhiteElo "2457"]
[BlackElo "2245"]
[TimeControl "180+1"]
[EndTime "9:29:06 PST"]
[Termination "noblerone won on time"]

1. d4 Nf6 2. c4 c5 3. d5 e6 4.
Nc3 exd5 5. cxd5 d6 6. Nf3 g6 7.
h3 Bg7 8. Bf4 a6 9. a4 O-O 10.
e3 Ne8 11. Be2 Nd7 12. O-O Qe7 13. Nd2 Ne5 14. Nc4 Nxc4 15. Bxc4 Nc7 16. a5 Bd7 17. Qb3 Rab8 18. Qb6 Ne8 19. Bxa6 g5 20. Bh2 f5 21.
Rfe1 g4 22. hxg4 fxg4 23. Bg3 Be5 24. Bd3 Bxg3 25. fxg3 Qe5 26. Qb3 Qxg3 27. Qc2 Nf6 28. Qf2 Qxf2+ 29. Kxf2 Nxd5+ 30. Kg3 Nb4 31. Bc4+ Kg7 32.
Rad1 Rbe8 33. Rxd6 Re7 34. Re2 Rfe8 35. e4 Bc6 36.
Kxg4 Bxe4 37. Kg3 Bc6 38. Rxe7+ Rxe7 39. Be6 Kf8 40. Kf2 Nc2 41. g4 Nd4 42. Bf5 Nxf5 43. gxf5 Re5 44. f6 Rf5+ 45. Ke3 Kf7 46. Ne4 Bxe4 47.
Kxe4 Rxf6 48. Rd7+ Kg6 49. Rxb7 Ra6 50. Rb6+ Rxb6 51. axb6 Kf7 52. b7 1-0

[Event "Early-Titled-Tuesday-Blitz-February-06-2024"]
[Site "Chess.com"]
[Date "2024.02.06"]
[Round "8"]
[White "FlemingA"]
[Black "LaPiToB"]
[Result "1-0"]
[WhiteElo "2430"]
[BlackElo "2305"]
[TimeControl "180+1"]
[EndTime "9:29:06 PST"]
[Termination "FlemingA won by resignation"]

1. d4 Nf6 2. g3 e6 3. Bg2 d5 4.
Nd2 c5 5. c3 Nc6 6. Ngf3 Be7 7.
dxc5 Bxc5 8. O-O O-O 9. a4 b6 10. b4 Be7 11. Nb3 Bb7 12. Nfd4 Nxd4 13. Nxd4 Rc8 14.
Bb2 Ne8 15. b5 Nd6 16. Qb3 Nc4 17. Rfd1 Qc7 18. Rac1 Bc5 19. Nf3 e5 20. Nd2 Na5 21. Qc2 f5 22. c4 d4 23. Nf3 Rcd8 24. Nd2 Bxg2 25. Kxg2 Qb7+ 26. Kg1 e4 27. Nb3 Nxb3 28. Qxb3 f4 29. Ba3 fxg3 30. hxg3 e3 31. f3 Qc7 32. Kg2 Rf6 33. Bxc5 bxc5 34. Rh1 Rg6 35. Rh3 h5 36. Qd3 Rdd6 37. Rxh5 Rdf6 38. Rh3 Kf7 39. Rch1 Qe5 40. a5 Qc7 41. a6 Qe7 42. R1h2 Qe5 43. Rh1 Qc7 44. Qc2 Rd6 45. Qd3 Rgf6 46. Rh4 Rde6 47. Rg4 Rg6 48. Rhh4 Ref6 49. Qe4 Qe7 50. Qd5+ Qe6 51.
Qxe6+ Kxe6 52. Rxg6 Rxg6 53. Re4+ Kd6 54. b6 Kd7 55. bxa7 Rxa6 56. Rg4 g6 57. Rxg6 Kc8 58.
Rxa6 1-0

[Event "Early-Titled-Tuesday-Blitz-February-06-2024"]
[Site "Chess.com"]
[Date "2024.02.06"]
[Round "8"]
[White "KaterynaLagno"]
[Black "Keeper0416"]
[Result "1-0"]
[WhiteElo "2809"]
[BlackElo "2568"]
[TimeControl "180+1"]
[EndTime "9:29:07 PST"]
[Termination "KaterynaLagno won on time"]

1. e4 e6 2. d4 d5 3. e5 c5 4. c3 Bd7 5. Nf3 Qb6 6. Bd3 Bb5 7. dxc5 Bxc5 8. b4 Be7 9. Be3 Qa6 10. Bxb5+ Qxb5 11. a4 Qd7 12. O-O Nc6 13. Nbd2 f6 14. exf6 Bxf6 15. Rc1 Nge7 16. Nb3 O-O 17. b5 Ne5 18. Nxe5 Bxe5 19. c4 Nf5 20. Bc5 Rfd8 21. Qe2 Bf6 22.
Rfd1 Qf7 23. cxd5 exd5 24. Qg4 Be5 25. Rd3 Nh6 26. Qg5 Bf4 27. Qh4 Bxc1 28. Nxc1 Rdc8 29. Nb3 b6 30. Ba3 Rc4 31. Qg5 Re8 32. h3 Nf5 33. Bb2 h6 34. Qd2 Qg6 35. Kh2 Kh7 36. f4 Rce4 37. Be5 Rc8 38. Rf3 Rec4 39. Qxd5 Rc2 40. Nd2 R8c5 41. Qd3 Nh4 42. Qxg6+ Nxg6 43. Nb3 Nxe5 44.
fxe5 Rxe5 45. Nd4 Rc7 46. Nc6 a6 47. Nxe5 axb5 48. axb5 Rc5 49. Nd7 Rxb5 50. Rf8 Kg6 51. Rb8 Rd5 52. Rxb6+ Kf7 53. Rb7 Kg6 54. Rc7 h5 55. Nc5 Rd2 56. Ne4 Re2 57. Rc6+ Kh7 58. Ng5+ Kg8 59. Rc8+ 1-0

[Event "Early-Titled-Tuesday-Blitz-February-06-2024"]
[Site "Chess.com"]
[Date "2024.02.06"]
[Round "8"]
[White "kekic76"]
[Black "doctorcristian"]
[Result "0-1"]
[WhiteElo "2361"]
[BlackElo "2600"]
[TimeControl "180+1"]
[EndTime "9:29:08 PST"]
[Termination "doctorcristian won on time"]

1. e4 c6 2. d4 d5 3. Nd2 dxe4 4.
Nxe4 Nf6 5. Nxf6+ gxf6 6. g3 h5 7. h3 Bf5 8. Bg2 Na6 9. c3 Qd7 10. Nf3 O-O-O 11. Nh4 Be6 12. Qe2 Nc7 13. Be3 Kb8 14.
Bf3 Bd5 15. c4 Bxf3 16. Qxf3 Bh6 17. O-O-O Qe6 18. b3 Bxe3+ 19. Qxe3 Qxe3+ 20. fxe3 e6 21. Rdg1 Rdg8 22. Kd2 Ne8 23. c5 Kc7 24. Ke2 f5 25. Nf3 Kd7 26. Ne5+ Ke7 27. Kf3 Nf6 28. Rg2 Rg7 29.
Rhg1 Rhg8 30. Nd3 Ne4 31. Nf4 Rh7 32. Nd3 Ng5+ 33. Ke2 Nxh3 34. Rh1 Ng5 35. Nf4 Rgh8 36. Rgh2 Ne4 37. Kf3 Rg7 38. Nxh5 Rxh5 39. Rxh5 Rxg3+ 40. Kf4 Rg4+ 41. Kf3 Ng5+ 42. Kf2 Ne4+ 43. Kf3 Rg3+ 44. Kf4 Rg2 45. Rh7 Nf6 46. R7h2 Nd5+ 47. Kf3 Rg4 48. Rh7 Re4 49. Re1 Rg4 50. Reh1 Nf6 0-1

[Event "Early-Titled-Tuesday-Blitz-February-06-2024"]
[Site "Chess.com"]
[Date "2024.02.06"]
[Round "8"]
[White "dianamirza"]
[Black "frequentblunders"]
[Result "1/2-1/2"]
[WhiteElo "1957"]
[BlackElo "2167"]
[TimeControl "180+1"]
[EndTime "9:29:08 PST"]
[Termination "Game drawn - insufficient material"]

1. e4 e6 2. d3 c5 3. Nd2 Nc6 4. Ngf3 d5 5. g3 Nf6 6. Bg2 g6 7. O-O Bg7 8. Re1 O-O 9. Qe2 b5 10. h4 c4 11. Nf1 Qb6 12. N1h2 Bb7 13. e5 Nd7 14. h5 Ncxe5 15. Nxe5 Nxe5 16. hxg6 hxg6 17.
Bf4 Nd7 18. Ng4 Rae8 19. Bh6 f6 20. Qd2 g5 21. Bxg7 Kxg7 22. a4 a6 23. axb5 axb5 24. Re2 e5 25. Rae1 d4 26. Nh2 Bxg2 27. Kxg2 Qc6+ 28. Kg1 c3 29. bxc3 Qxc3 30. Qxc3 dxc3 31. Rb1 Rb8 32. Re4 Rb6 33. Rb3 Rc8 34. Reb4 Rc5 35.
Nf3 Kf7 36. d4 exd4 37. Nxd4 Ne5 38. Nxb5 Kg6 39. Kf1 Nc4 40. Rxc3 Nd2+ 41. Ke2 Rbxb5 42. Rxb5 Rxb5 43. Kxd2 Rf5 44. f4 gxf4 45. gxf4 Rxf4 46. Rg3+ Kf5 47. Ke3 Ke5 48. Rf3 Re4+ 49. Kd3 f5 50.
Re3 Kd5 51. Rxe4 fxe4+ 52. Ke3 Ke5 53. c4 Kf5 54. c5 Ke5 55. c6 Kd6 56. c7 Kxc7 57.
Kxe4 1/2-1/2

[Event "Early-Titled-Tuesday-Blitz-February-06-2024"]
[Site "Chess.com"]
[Date "2024.02.06"]
[Round "8"]
[White "RantomOpening"]
[Black "ExchangeAB"]
[Result "1/2-1/2"]
[WhiteElo "2545"]
[BlackElo "2434"]
[TimeControl "180+1"]
[EndTime "9:29:10 PST"]
[Termination "Game drawn by repetition"]

1. d4 Nf6 2. Bg5 b6 3. e3 Bb7 4. Nd2 e6 5. Ngf3 Be7 6. c3 O-O 7. Bd3 d5 8. O-O Nbd7 9. Ne5 Rc8 10. f4 Ne4 11. Bxe7 Qxe7 12. Rf3 g6 13. Rh3 Nxd2 14. Qxd2 f5 15. Qf2 Nxe5 16. dxe5 c5 17. Kh1 a5 18. Rg1 Rcd8 19. Rh6 Kg7 20. Rh4 Rd7 21. h3 Bc6 22.
Kh2 Rfd8 23. g4 Kh8 24. gxf5 gxf5 25. Rg5 d4 26. exd4 cxd4 27. c4 Be4 28. Qg3 Bxd3 29. Qxd3 Rg8 30. Rgh5 Qg7 31. Rxh7+ Qxh7 32. Rxh7+ Kxh7 33.
c5 bxc5 34. Qc4 Re8 35. Qb5 Ree7 36. Qd3 c4 37. Qxc4 d3 38. Qc1 d2 39. Qd1 Kg8 40.
a3 Rg7 41. b4 axb4 42. axb4 Rd8 43. b5 Rb7 44. Qb3 Rb6 45. Qd1 Rxb5 46. Qh5 Kf8 47.
Qh6+ Ke7 48. Qg7+ Ke8 49. Qg8+ Kd7 50. Qf7+ Kc8 51. Qxe6+ Kc7 52. Qf7+ Rd7 53. Qc4+ Kb6 54. Qe6+ Kc7 55. Qc4+ Kd8 56. Qg8+ Kc7 57. Qc4+ 1/2-1/2

[Event "Early-Titled-Tuesday-Blitz-February-06-2024"]
[Site "Chess.com"]
[Date "2024.02.06"]
[Round "8"]
[White "Sina_Movahed"]
[Black "Sam_ChessMood"]
[Result "1-0"]
[WhiteElo "3031"]
[BlackElo "2915"]
[TimeControl "180+1"]
[EndTime "9:29:11 PST"]
[Termination "Sina_Movahed won on time"]

1. e4 c5 2. d4 cxd4 3. Nf3 d6 4.
Nxd4 Nf6 5. Nc3 a6 6. h3 e5 7. Nf3 h6 8. Bc4 Be6 9. Bb3 Be7 10. O-O O-O 11. Be3 Nbd7 12. Qe2 Rc8 13. Rfd1 b5 14. Nh4 b4 15. Nd5 Bxd5 16. exd5 a5 17.
Nf5 Nc5 18. Bc4 Qd7 19. g4 g6 20. Bb5 Qd8 21. Nxh6+ Kg7 22. g5 Nh5 23. h4 f5 24.
gxf6+ Rxf6 25. Ng4 Nf4 26. Qf1 Rf5 27. Bd3 Ncxd3 28.
cxd3 Bxh4 29. Rac1 Rxc1 30. Rxc1 Qg5 31. f3 Rf7 32. Rc4 Bg3 33. Qg2 Qh4 34. Qh1 Qxh1+ 35. Kxh1 Nxd5 36. Bh6+ Kh7 37. Rc6 Rxf3 38. Rxd6 Bf4 39.
Rd7+ Kg8 40. Rxd5 Rh3+ 41. Kg1 Rg3+ 42. Kf2 Rxg4 43. Bxf4 Rxf4+ 44. Ke3 Rh4 45. Rxe5 Rh2 46. Rxa5 Rxb2 47. Ra7 g5 48. Kd4 g4 49. Kc4 g3 50.
Ra5 g2 51. Rg5+ Kf8 52. d4 Ke7 53. Rg6 Kf7 54. Rg3 1-0

[Event "Early-Titled-Tuesday-Blitz-February-06-2024"]
[Site "Chess.com"]
[Date "2024.02.06"]
[Round "8"]
[White "Djager97"]
[Black "Yaacovn"]
[Result "0-1"]
[WhiteElo "2625"]
[BlackElo "2844"]
[TimeControl "180+1"]
[EndTime "9:29:11 PST"]
[Termination "Yaacovn won on time"]

1. e4 c6 2. d4 d5 3. exd5 cxd5 4. Bd3 Nf6 5. h3 Nc6 6. c3 Ne4 7. Nf3 Bf5 8. O-O e6 9. Bf4 g5 10. Bg3 h5 11. Bxe4 Bxe4 12. Nbd2 Bd3 13. Re1 Be7 14.
Ne5 Bf5 15. Nxc6 bxc6 16. Nf3 f6 17. Qa4 Qd7 18. c4 dxc4 19. Qxc4 Qd5 20. Rac1 Be4 21. Qe2 Bf5 22. Rc3 Kf7 23. Rec1 Rhc8 24. b3 h4 25. Bh2 a5 26. Nd2 a4 27. Nc4 Qb5 28. Qf3 Kg6 29. Ne3 axb3 30. axb3 Ba3 31. Rd1 Qd5 32. Nxd5 cxd5 33.
Rxc8 Rxc8 34. Qe3 Rc2 35. g4 hxg3 36. Bxg3 Bxh3 37. Kh2 Bf5 38. Ra1 Bb2 39. Ra7 Be4 40. Qe1 Rc1 41. Qxc1 Bxc1 42. b4 Bb2 43. b5 Bxd4 44.
Rc7 Bd3 45. Rb7 f5 46. Bc7 Bxf2 47. b6 Be4 48. Rb8 d4 49. b7 Bxb7 50. Rxb7 f4 51. Kg2 Be3 52. Kf3 d3 53. Rb5 d2 54. Rb1 Kf5 55. Ba5 g4+ 56. Ke2 g3 57. Bxd2 Bf2 58. Rb5+ Ke4 59. Rb4+ Kf5 60. Rxf4+ Ke5 61. Kf3 Kd5 62.
Rg4 e5 63. Be3 Be1 64. Rg5 Ke6 65. Ke4 Kf6 66. Rf5+ Kg6 67. Rxe5 g2 68. Bg1 Bg3 69. Rd5 Bh2 70. Kf3 Kf7 71. Bxh2 Ke6 0-1

[Event "Early-Titled-Tuesday-Blitz-February-06-2024"]
[Site "Chess.com"]
[Date "2024.02.06"]
[Round "8"]
[White "Road2GM3000"]
[Black "Makswolf200817"]
[Result "0-1"]
[WhiteElo "2491"]
[BlackElo "2720"]
[TimeControl "180+1"]
[EndTime "9:29:11 PST"]
[Termination "Makswolf200817 won by resignation"]

1. d4 Nf6 2. c4 e6 3. Nc3 Bb4 4. Nf3 O-O 5. Bg5 c5 6. e3 b6 7.
Bd3 Bb7 8. O-O cxd4 9. exd4 d6 10. Ne4 d5 11. Nxf6+ gxf6 12. Bh6 Re8 13. c5 bxc5 14.
a3 c4 15. axb4 cxd3 16. Ne5 f5 17. Qh5 Qf6 18. f4 Nc6 19. Rf3 Ne7 20. Rxd3 Ng6 21. Bg5 Qg7 22. Nd7 Bc6 23. Bf6 Nxf4 24. Bxg7 Nxh5 25. Ne5 Bb5 26. Bh6 Bxd3 27. Nxd3 f6 28.
Ra5 Kf7 29. Nc5 Rec8 30. Ra6 Re8 31. Be3 f4 32. Bf2 Ng7 33. b5 Nf5 34. Kf1 Re7 35.
b4 Rb8 36. Ra5 Nd6 37. Na4 Rxb5 38. Ra6 Rxb4 39. Nc5 Nf5 40. Nd3 Rb1+ 41. Ke2 Rb3 42. Nxf4 Rb4 43. Nd3 Nxd4+ 44. Kd2 Rc4 45. Nb2 Rc2+ 46.
Kd3 Rxf2 47. Na4 Nf5 48. Nc5 Rxg2 49. h4 Rg4 50. h5 Nh4 51. Nd7 Rxd7 52. Ra5 Nf5 53. Ke2 Rg5 54. Ra4 Rxh5 55. Ra6 Rh4 0-1

[Event "Early-Titled-Tuesday-Blitz-February-06-2024"]
[Site "Chess.com"]
[Date "2024.02.06"]
[Round "8"]
[White "threemind"]
[Black "MaxLeto"]
[Result "0-1"]
[WhiteElo "2125"]
[BlackElo "2456"]
[TimeControl "180+1"]
[EndTime "9:29:11 PST"]
[Termination "MaxLeto won on time"]

1. d4 h5 2. Nf3 h4 3. h3 d5 4. Bf4 Bf5 5. Nbd2 e6 6. e3 Be7 7.
Bd3 Bxd3 8. cxd3 c6 9. e4 Nd7 10. Qe2 Qb6 11. Nb3 Ngf6 12. e5 Nh5 13. Be3 a5 14.
Rc1 a4 15. Nc5 Nxc5 16. dxc5 Qb4+ 17. Bd2 Qxb2 18. O-O Qb5 19. Rb1 Qxc5 20. d4 Qa7 21. Bb4 Nf4 22. Qe3 Ng6 23. Rb2 Bxb4 24. Rxb4 Ne7 25.
Rfb1 b5 26. Rc1 Rh5 27. Qf4 Kf8 28. Qg4 Rh6 29. Nxh4 Kg8 30. a3 Rb8 31. f4 g6 32.
Qg5 Rh5 33. Qf6 Rc8 34. Nf3 Nf5 35. g4 Rxh3 36. Ng5 Rg3+ 37. Kh2 Rxg4 38. Rxb5 Rh4+ 39.
Kg2 Qd7 40. Rbc5 Rg4+ 41. Kf2 Rxf4+ 42. Ke2 Rh4 43. Rxc6 Nxd4+ 44. Kd3 Nxc6 45. Rf1 Nxe5+ 46. Qxe5 Rh5 47. Qf6 Qb5+ 48. Kd2 Qb2+ 49. Kd3 Qxf6 50. Rxf6 Rxg5 51. Rxg6+ Rxg6 0-1

[Event "Early-Titled-Tuesday-Blitz-February-06-2024"]
[Site "Chess.com"]
[Date "2024.02.06"]
[Round "8"]
[White "LileKoridze"]
[Black "PepeCuenca"]
[Result "1-0"]
[WhiteElo "2424"]
[BlackElo "2697"]
[TimeControl "180+1"]
[EndTime "9:29:12 PST"]
[Termination "LileKoridze won on time"]

1. d4 Nf6 2. c4 g6 3. Nc3 Bg7 4. e4 d6 5. Nf3 O-O 6. Be2 Bg4 7. Be3 Nfd7 8. O-O Nc6 9. Qd2 e5 10. d5 Bxf3 11. Bxf3 Nd4 12. Be2 c5 13. dxc6 bxc6 14. f4 Rb8 15. b3 Nxe2+ 16. Nxe2 exf4 17. Bxf4 Bxa1 18. Rxa1 Re8 19. Bxd6 Nc5 20. Nc3 Rxb3 21. Rd1 Qb6 22. axb3 Nxe4+ 23. c5 Nxc5 24. Bxc5 Qxc5+ 25.
Kh1 Qe5 26. Na4 h5 27. h3 Qb5 28.
Qc3 Rb8 29. Nc5 Qb4 30. Qe5 Rf8 31. Nd7 Qxb3 32. Re1 Ra8 33. Nf6+ Kg7 34. Nxh5+ Kh6 35. Qg7+ Kxh5 36. Qh7+ Kg5 37. Re5+ Kf4 38. Re1 Kg3 39.
Qh6 Qc3 40. Re3+ Qxe3 41. Qxe3+ Kh4 42. Qf4+ Kh5 43. Qxf7 a5 44. Kh2 a4 45. Qh7+ Kg5 46.
Qe7+ Kh6 47. Qh4+ Kg7 48. Qd4+ Kh7 49. Qd7+ Kh6 50. Qxc6 Ra7 51. Qc3 a3 52. Qe3+ 1-0

[Event "Early-Titled-Tuesday-Blitz-February-06-2024"]
[Site "Chess.com"]
[Date "2024.02.06"]
[Round "8"]
[White "Agibileg"]
[Black "TigrVShlyape"]
[Result "1/2-1/2"]
[WhiteElo "2752"]
[BlackElo "2955"]
[TimeControl "180+1"]
[EndTime "9:29:13 PST"]
[Termination "Game drawn by repetition"]

1. d4 f5 2. g3 Nf6 3. Bg2 g6 4. Nf3 Bg7 5. O-O d6 6. b3 c6 7.
Bb2 O-O 8. c4 a5 9. Qc2 Na6 10.
a3 Rb8 11. Nbd2 b5 12. Rae1 bxc4 13. bxc4 Ne4 14. Ba1 d5 15. cxd5 cxd5 16. Ne5 Qd6 17. f3 Nxd2 18. Qxd2 Qxa3 19. e4 Nb4 20. exd5 Nxd5 21.
f4 e6 22. Nc6 Rb7 23. Nxa5 Rc7 24. Bb2 Qd6 25. Nb3 Qb6 26. Rf3 Bd7 27. Ba1 Ra8 28.
Kh1 Bc8 29. Nc5 Qa5 30. Qxa5 Rxa5 31. Bb2 Raxc5 32. dxc5 Bxb2 33. Rb3 Bd4 34. Rb8 Kf7 35. Rd1 Bxc5 36. Bxd5 exd5 37. Rxd5 Ba7 38. Rxc8 Rxc8 39. Rd7+ Kf6 40. Rxa7 h5 41. h4 Rc2 42. Ra6+ Kf7 43. Rb6 Rd2 44. Ra6 Rc2 45. Rb6 Rd2 46. Rc6 Re2 47. Rb6 Re6 48. Rb7+ Kf6 49. Kg2 Rc6 50. Kh3 Ke6 51. Rb5 Rd6 52. Ra5 Rd5 53. Ra6+ Rd6 54.
Ra5 Rc6 55. Rb5 Kd6 56. Ra5 Rc5 57. Ra6+ Rc6 58. Ra5 Ke6 59. Rb5 1/2-1/2

[Event "Early-Titled-Tuesday-Blitz-February-06-2024"]
[Site "Chess.com"]
[Date "2024.02.06"]
[Round "8"]
[White "Elegance_Riks"]
[Black "toninhojit"]
[Result "1/2-1/2"]
[WhiteElo "2769"]
[BlackElo "2544"]
[TimeControl "180+1"]
[EndTime "9:29:13 PST"]
[Termination "Game drawn - insufficient material"]

1. Nf3 c5 2. c4 Nc6 3. d4 cxd4 4.
Nxd4 g6 5. e4 Bg7 6. Be3 Nf6 7.
Nc3 Ng4 8. Qxg4 Nxd4 9. Qd1 Ne6 10. Qd2 O-O 11. Rc1 d6 12. Bd3 b6 13. O-O Bb7 14.
Nd5 Nc5 15. Bb1 e6 16. b4 exd5 17. bxc5 bxc5 18. exd5 Qd7 19. Bh6 Qa4 20. Bxg7 Kxg7 21. Qc3+ Kg8 22. Bc2 Qb4 23. Qg3 Qb6 24. h4 Qc7 25. h5 Rae8 26. Rfe1 Qd7 27. Qc3 Rxe1+ 28. Rxe1 Re8 29. Rxe8+ Qxe8 30. h6 Qe5 31. Qxe5 dxe5 32.
g4 Ba6 33. Bd3 e4 34. Bxe4 Bxc4 35. d6 Bb5 36. g5 Kf8 37. f4 Ke8 38. Bd5 Bd7 39.
Kf2 Be6 40. Bc6+ Kd8 41. a3 Bd7 42. Bd5 Be6 43. Bc6 Bd7 44. Bd5 Be8 45. Ke3 Kd7 46. f5 Kxd6 47. fxg6 fxg6 48. Bg8 Ke5 49. Kd3 Kf5 50. Kc4 Kxg5 51. Bxh7 Bf7+ 52. Kxc5 Kxh6 53. Bxg6 Kxg6 54. a4 Kf6 55. a5 a6 56. Kb6 Bc4 57. Kc5 Bb5 58. Kb4 Ke5 59. Ka3 Kd5 60. Kb2 Kc5 61. Ka1 Kb4 62. Kb1 Kxa5 63. Ka1 Kb4 64. Kb1 a5 65. Ka1 a4 66. Kb1 a3 67. Ka1 a2 68. Kxa2 1/2-1/2

[Event "Early-Titled-Tuesday-Blitz-February-06-2024"]
[Site "Chess.com"]
[Date "2024.02.06"]
[Round "8"]
[White "colegiodemadrid"]
[Black "Gryffindorac8"]
[Result "1-0"]
[WhiteElo "2504"]
[BlackElo "2362"]
[TimeControl "180+1"]
[EndTime "9:29:13 PST"]
[Termination "colegiodemadrid won by resignation"]

1. d4 Nf6 2. Nf3 e6 3. Bf4 c5 4. c3 d5 5. e3 Bd6 6. Bg3 Qc7 7. Nbd2 Nbd7 8. Bd3 O-O 9. Qb1 e5 10. dxe5 Nxe5 11. Nxe5 Bxe5 12. Nf3 Bxg3 13. hxg3 h6 14. Bf5 Re8 15. Kf1 Ne4 16. Bxe4 dxe4 17. Nd2 b6 18. Kg1 Ba6 19. c4 Rad8 20. Nxe4 Bxc4 21.
Nc3 Bd3 22. Qd1 Qc6 23. Qf3 Qe6 24. Rh4 Ba6 25. Kh2 Rd2 26. b3 Qd7 27. Rg4 Bb7 28.
Qf4 Qe6 29. Rg1 Rxf2 30. Rxg7+ Kxg7 31. Qxf2 Qg4 32. Re1 Re6 33. e4 Rf6 34. Qe3 Qh5+ 35. Kg1 Re6 36. e5 Qg5 37. Qxg5+ hxg5 38. Nb5 a6 39.
Nd6 Bd5 40. Kf2 f6 41. exf6+ Kxf6 42. Ne8+ Ke7 43. Rxe6+ Bxe6 44. Nc7 Bc8 45. Nd5+ Ke6 46. Nxb6 Bb7 47. g4 Ke5 48. Ke3 Bxg2 49. Nd7+ Kd6 50. Nf6 Ke6 51. Ne4 Bxe4 52. Kxe4 a5 53. a4 Kd6 54.
Kf5 Kd5 55. Kxg5 c4 56. bxc4+ Kxc4 57. Kf4 Kb4 58. g5 Kxa4 59. g6 Kb3 60. g7 a4 61.
g8=Q+ Kb2 62. Qg7+ Ka2 63. Qg2+ Kb3 64. Qf3+ Kb2 65.
Qe2+ Kb3 66. Qd1+ Ka3 67. Qa1+ Kb3 68. Ke3 a3 69. Kd3 a2 70. Kd2 Ka3 71. Kc3 Ka4 72.
Kc4 1-0

[Event "Early-Titled-Tuesday-Blitz-February-06-2024"]
[Site "Chess.com"]
[Date "2024.02.06"]
[Round "8"]
[White "karinachess1"]
[Black "Eagle_2019"]
[Result "0-1"]
[WhiteElo "2643"]
[BlackElo "2863"]
[TimeControl "180+1"]
[EndTime "9:29:14 PST"]
[Termination "Eagle_2019 won by checkmate"]

1. d4 d5 2. c4 e6 3. Nc3 Nf6 4. cxd5 exd5 5. Bg5 c6 6. e3 Bd6 7.
Bd3 O-O 8. Nf3 Be6 9. Qc2 h6 10. Bh4 Nbd7 11. h3 Qc7 12. Ne2 Rfe8 13. O-O b6 14. Bg3 c5 15. Bxd6 Qxd6 16. Ng3 c4 17.
Bf5 b5 18. a3 a5 19. Rfe1 Bxf5 20. Qxf5 g6 21. Qc2 Qc6 22. Nd2 h5 23. Ne2 b4 24.
axb4 axb4 25. Nf4 Kg7 26. Nf3 Ne4 27. Nd2 Ndf6 28. Nxe4 Nxe4 29. Rxa8 Rxa8 30. f3 Nd6 31. e4 dxe4 32. fxe4 Nb5 33. d5 Qc5+ 34. Kh1 c3 35. bxc3 Qxc3 36. Qf2 b3 37. e5 b2 38. Ne6+ Kg8 39.
Rf1 f5 40. Qb6 Qd3 41. Rg1 b1=Q 42.
Qb7 Qxg1+ 43. Kxg1 Qe3+ 44. Kh1 Qe1+ 45. Kh2 Qxe5+ 46.
Kg1 Qe1+ 47. Kh2 Qe5+ 48. Kg1 Ra1+ 49. Kf2 Qb2+ 50. Kf3 Ra3+ 51. Kf4 Qd2+ 52. Ke5 Qc3+ 53. Kf4 Qe3# 0-1

[Event "Early-Titled-Tuesday-Blitz-February-06-2024"]
[Site "Chess.com"]
[Date "2024.02.06"]
[Round "8"]
[White "ilushka"]
[Black "ri4mi"]
[Result "0-1"]
[WhiteElo "2426"]
[BlackElo "2559"]
[TimeControl "180+1"]
[EndTime "9:29:14 PST"]
[Termination "ri4mi won on time"]

1. Nf3 d5 2. g3 c6 3. Bg2 Bg4 4.
c4 e6 5. Qb3 Qb6 6. d3 Qxb3 7.
axb3 Nd7 8. Be3 a6 9. Nc3 Ngf6 10. cxd5 exd5 11. h3 Be6 12. Nd4 Bc5 13. Nc2 Bxe3 14.
fxe3 O-O 15. b4 Nb6 16. Kd2 Nfd7 17. g4 Ne5 18. Nd4 Bd7 19. Rhf1 Rae8 20. Nb3 Bc8 21. Nc5 Ned7 22. e4 d4 23. Na2 Ne5 24. Nc1 Rd8 25. N1b3 Na8 26. Rfc1 Nc7 27. Na4 Nb5 28. Nb6 Nd7 29.
Nxd7 Bxd7 30. Nc5 Bc8 31. Bf3 Rfe8 32. h4 f6 33. g5 fxg5 34. hxg5 Re5 35. Rg1 Rf8 36. Rg3 Nd6 37. Rh1 a5 38. Nb3 axb4 39. Nxd4 c5 40. Nb3 b6 41. Kc2 Nb5 42. e3 Be6 43.
Nd2 Bf7 44. b3 Bg6 45. Nc4 Re6 46. Rh2 Nc3 47. Bg4 Rc6 48. Bf5 Ra8 0-1

[Event "Early-Titled-Tuesday-Blitz-February-06-2024"]
[Site "Chess.com"]
[Date "2024.02.06"]
[Round "8"]
[White "ImportedItalianMaple"]
[Black "only_strong_moves"]
[Result "1-0"]
[WhiteElo "2506"]
[BlackElo "2656"]
[TimeControl "180+1"]
[EndTime "9:29:16 PST"]
[Termination "ImportedItalianMaple won on time"]

1. Nf3 Nf6 2. g3 e6 3. Bg2 d5 4.
O-O Be7 5. c4 O-O 6. b3 d4 7. e3 c5 8. Ne5 Nbd7 9. exd4 cxd4 10.
Nxd7 Qxd7 11. Re1 a5 12. d3 Ra6 13. Na3 Bb4 14. Re2 e5 15. Nc2 Bd6 16. c5 Bxc5 17. Rxe5 Bd6 18. Re1 a4 19. Bb2 Bc5 20. b4 Ba7 21. a3 Rd8 22. Qe2 h6 23. Qe7 Qxe7 24. Rxe7 b5 25. Rae1 Kf8 26. Rc7 Bf5 27. Ree7 Rd7 28. Rexd7 Bxd7 29. Nxd4 Bb8 30. Rb7 Ba7 31. Nxb5 Bxb5 32. Rxb5 Ng4 33. d4 Re6 34. Bf3 Re1+ 35.
Kg2 Nf6 36. Rb7 Rb1 37. Rxa7 Rxb2 38. Rxa4 g5 39. h3 h5 40. g4 hxg4 41. hxg4 Ne8 42. Ra8 Ke7 43. b5 Nd6 44. Ra7+ Ke6 45. d5+ Ke5 46.
Re7+ Kf6 47. Rd7 Nc4 48. Rb7 Ne3+ 49. Kg3 Nf1+ 50. Kg2 Ne3+ 51. Kg1 Rb1+ 52. Kh2 Nf1+ 53. Kg2 Nd2 54. d6 Nc4 55. d7 Ke7 56. Bc6 Rb2 57.
Rb8 Rd2 58. Re8+ Kf6 59. d8=Q+ 1-0

[Event "Early-Titled-Tuesday-Blitz-February-06-2024"]
[Site "Chess.com"]
[Date "2024.02.06"]
[Round "8"]
[White "Ariadna_Atreides"]
[Black "pfalcon1949"]
[Result "1-0"]
[WhiteElo "2173"]
[BlackElo "1945"]
[TimeControl "180+1"]
[EndTime "9:29:16 PST"]
[Termination "Ariadna_Atreides won by checkmate"]

1. d4 Nf6 2. Nf3 d5 3. Bf4 c5 4. e3 Nc6 5. Bb5 Qa5+ 6. Nc3 cxd4 7. Nxd4 Bd7 8. O-O Nxd4 9. Bxd7+ Nxd7 10. Qxd4 e6 11. a3 Qc5 12. Rad1 Qxd4 13. exd4 a6 14. Rfe1 Be7 15. h3 Nf6 16. Be5 O-O 17. Ne2 Rac8 18. c3 b5 19. Nf4 Rc6 20. Nd3 Rfc8 21. Bxf6 gxf6 22. f4 a5 23. f5 b4 24. axb4 axb4 25.
cxb4 Rc4 26. fxe6 Bxb4 27. Nxb4 Rxb4 28. e7 Re8 29. Rd2 Kg7 30. g4 Kg6 31. Kg2 f5 32. gxf5+ Kxf5 33. Re5+ Kf6 34. Rf2+ Kg6 35. Rd2 f6 36. Rxd5 Rxe7 37. Rd6 h5 38. Rf2 Rf7 39.
d5 Kg5 40. Rd8 f5 41. d6 f4 42. Rd2 f3+ 43. Kf2 Kf4 44. d7 Rb7 45. b4 Rxb4 46. Rh8 Rxd7 47. Rxd7 Rb2+ 48. Kf1 Rb1+ 49. Kf2 Rb2+ 50.
Ke1 Re2+ 51. Kf1 Ra2 52. Rf8+ Kg3 53. Rg7+ Kxh3 54. Rxf3+ Kh2 55. Rf2+ Rxf2+ 56. Kxf2 h4 57. Kf3 h3 58. Rh7 Kg1 59. Rxh3 Kf1 60. Rh1# 1-0

[Event "Early-Titled-Tuesday-Blitz-February-06-2024"]
[Site "Chess.com"]
[Date "2024.02.06"]
[Round "8"]
[White "wonderfultime"]
[Black "nihalsarin"]
[Result "1-0"]
[WhiteElo "3062"]
[BlackElo "3111"]
[TimeControl "180+1"]
[EndTime "9:29:17 PST"]
[Termination "wonderfultime won by resignation"]

1. d4 a6 2. e4 e6 3. Nf3 d5 4. exd5 exd5 5. c4 Nf6 6. Nc3 h6 7. cxd5 Nxd5 8. Bc4 Nb6 9. Bb3 Bd6 10. O-O O-O 11. Ne5 Bxe5 12. dxe5 Qxd1 13. Rxd1 Nc6 14. Be3 Be6 15. Bxb6 cxb6 16. f4 Bxb3 17. axb3 Rfd8 18.
Nd5 b5 19. Rd3 Kf8 20. Rad1 Rd7 21. Kf2 Rad8 22. Ke3 Ke8 23. Ke4 Kf8 24. g4 g5 25.
fxg5 hxg5 26. Rf1 a5 27. Rf5 Ne7 28. e6 Nxf5 29. exd7 Nd6+ 30. Ke5 Rxd7 31. Rh3 Kg7 32. Rh7+ Kxh7 33. Nf6+ Kg6 34. Nxd7 Nc8 35. Nc5 b6 36. Nd7 a4 37. b4 Ne7 38. Kd6 Ng8 39. Kc6 f5 40.
gxf5+ Kxf5 41. Kxb5 g4 42. Kxb6 Ne7 43. Kc5 Ke4 44.
Nf6+ Kf5 45. Nh5 Ke4 46. b5 Nc8 47. b6 Nxb6 48. Kxb6 Kd3 49. Ka5 Kc2 50. Kxa4 Kxb2 51. Nf6 Kc3 52. Nxg4 Kd4 53. Nf2 Ke3 54. h3 1-0

[Event "Early-Titled-Tuesday-Blitz-February-06-2024"]
[Site "Chess.com"]
[Date "2024.02.06"]
[Round "8"]
[White "SahibSinghKnight"]
[Black "Juicy_Fork"]
[Result "1-0"]
[WhiteElo "2648"]
[BlackElo "2455"]
[TimeControl "180+1"]
[EndTime "9:29:17 PST"]
[Termination "SahibSinghKnight won by resignation"]

1. e4 e5 2. Nf3 Nc6 3. Bb5 a6 4. Ba4 d6 5. c3 Bd7 6. O-O g6 7. d4 Bg7 8. h3 Nf6 9. Re1 O-O 10.
Nbd2 Re8 11. d5 Ne7 12. Bxd7 Nxd7 13. Nf1 h6 14. c4 f5 15. exf5 gxf5 16. Ng3 Nf6 17.
Nh4 Qd7 18. Qc2 f4 19. Ne4 Nh7 20. Qe2 Nf5 21. Qg4 Rf8 22. b3 Qf7 23. Nxf5 Qxf5 24. Qxf5 Rxf5 25. Bb2 Ng5 26. f3 Nxe4 27. Rxe4 Kf7 28.
Rc1 Bf6 29. c5 Be7 30. b4 a5 31. cxd6 Bxd6 32. b5 a4 33. Rce1 Kf6 34. Bc3 a3 35. g4 fxg3 36. f4 Re8 37. fxe5+ Bxe5 38. Rxe5 Rexe5 39. Rxe5 Rxe5 40. b6 Kf5 41. Bxe5 cxb6 42.
d6 Ke6 43. Bxg3 b5 44. Be1 Kxd6 45. Bb4+ Ke5 46. Bxa3 Kf4 47. Kf2 h5 48. Bc1+ Kf5 49. Kg3 b6 50. Kh4 Kg6 51. Be3 b4 52. Bxb6 Kh6 53. Be3+ Kg6 54. Bd2 Kf5 55. Bxb4 Ke4 56. Kxh5 Kf3 57. h4 Kg3 58. Kg5 1-0